 Dungeon Crawl Stone Soup version 0.21.1-1-g345015fe64 (webtiles) character file.

42 Ikesh the Sneak (level 3, -1/19 HPs)
             Began as a Kobold Enchanter on Mar 14, 2018.
             Killed from afar by a kobold (20 damage)
             ... with an exploding inner flame
             ... hexed by the player character
             ... on level 3 of the Dungeon.
             The game lasted 00:06:45 (1774 turns).

Ikesh the Sneak (Kobold Enchanter)                  Turns: 1774, Time: 00:06:46

Health: -1/19      AC:  2    Str:  5    XL:     3   Next: 80%
Magic:  6/6        EV: 15    Int: 17    God:
Gold:   87         SH:  0    Dex: 15    Spells: 1/7 levels left

rFire    . . .     SeeInvis .   a - +1 dagger
rCold    . . .     Gourm    .   (shield restricted)
rNeg     . . .     Faith    .   b - +0 robe
rPois    .         Spirit   .   (no helmet)
rElec    .         Reflect  .   (no cloak)
rCorr    .         Harm     .   (no gloves)
MR       .....                  (no boots)
Stlth    +++.......             (no amulet)
HPRegen  0.06/turn              (no ring)
MPRegen  0.10/turn              (no ring)

@: no status effects
A: small, carnivore
a: no special abilities


You were on level 3 of the Dungeon.
You were completely stuffed.

You visited 1 branch of the dungeon, and saw 3 of its levels.

You collected 87 gold pieces.

Inventory:

Hand Weapons
 a - a +1 dagger (weapon)
Armour
 b - a +0 robe (worn)
Scrolls
 e - a scroll of teleportation
 g - 2 scrolls of remove curse
 i - a scroll of identify
Potions
 h - a potion of haste
 l - 2 potions of resistance
Books
 c - a book of Maledictions

   Spells                             Type                      Level
   a - Corona                         Hexes                        1
   b - Ensorcelled Hibernation        Hexes/Ice                    2
   c - Confuse                        Hexes                        3
   d - Tukima's Dance                 Hexes                        3
   e - Dazzling Spray                 Conjuration/Hexes            3
Comestibles
 d - 3 rations
 k - 6 chunks of flesh


   Skills:
 + Level 0.1 Fighting
 + Level 1.9 Short Blades
 + Level 2.7 Dodging
 + Level 4.8 Stealth
 + Level 2.5 Spellcasting
 + Level 3.4 Hexes


You had one spell level left.
You knew the following spells:

 Your Spells              Type           Power        Failure   Level  Hunger
a - Corona                Hex            ##.....      4%          1    #......
b - Ensorcelled Hibernat  Hex/Ice        #.....       14%         2    ##.....
c - Confuse               Hex            ##......     13%         3    ###....


Dungeon Overview and Level Annotations

Branches:
Dungeon (3/15)

Altars:
Makhleb
Ru
Xom


Innate Abilities, Weirdness & Mutations

You are small and have problems with some larger weapons.
You are carnivorous and can eat meat at any time.


Message History

You feel aware of your surroundings.
It was a scroll of magic mapping.
As you read the scroll labeled INYLAADDIG, it crumbles to dust.
You feel blessed for a moment.
It was a scroll of remove curse.
As you read the scroll labeled XOCHEI VAJORUM, it crumbles to dust.
It is a scroll of identify.
h - a potion of haste Your surroundings suddenly seem different.
Found 27 stones.
A kobold comes into view. It is wielding a whip.
As you read the scroll of identify, it crumbles to dust.
l - 2 potions of resistance
As you read the scroll labeled SOEZXUISOECW, it crumbles to dust.
The creatures around you are filled with an inner flame!
It was a scroll of immolation.
The helpless kobold fails to defend itself.
You impale the kobold!!
The kobold explodes!
The fiery explosion engulfs you!
Ouch! That really hurt!
You die...

*,,,,,,,,,,,*,*,**,*
*,,,,,,,,,,,+,*,**,*
*,,,,,,,,.(,*,*,**,*
*,,,,,,,,,..*,,,,*,*
*,,,,,,,,,,.#,****,*
*,,,,,,,,,,,.,,,,,,*
************#.*#####**
#.##ยง..#,*** #...@#.#,,,*
##.....#,*,* #.#####,*,*
******** **#.* *,*,*
**,,,,,,* *,#.* *,*,*
,,,,,,,,****,#.* *,*,*
,,,,,,,,*,,,,..* *,*,*
,,,,,,,,*,***##* **,*<***
,,,,,,,,*,*********,,,,,,*


There were no monsters in sight!

Vanquished Creatures
  A ball python (D:2)
  5 bats
  3 giant cockroaches (D:1)
  8 hobgoblins
  3 jackals (D:1)
  5 kobolds
  2 frilled lizards
  5 goblins
  6 rats
38 creatures vanquished.

Notes
Turn   | Place    | Note
-------+----------+-------------------------------------------
     0 | D:1      | Ikesh the Kobold Enchanter began the quest for the Orb.
     0 | D:1      | Reached XP level 1. HP: 10/10 MP: 3/3
   130 | D:1      | Reached XP level 2. HP: 8/15 MP: 1/5
   300 | D:1      | Learned a level 2 spell: Ensorcelled Hibernation
   653 | D:1      | Reached XP level 3. HP: 19/19 MP: 6/6
   658 | D:1      | Learned a level 3 spell: Confuse
   955 | D:2      | Found a sacrificial altar of Ru.
  1106 | D:2      | Found a shimmering altar of Xom.
  1340 | D:2      | Found a burning altar of Makhleb.
  1774 | D:3      | Killed from afar by a kobold

Action                   || total
-------------------------++-------
Melee: Dagger            ||   132
 Cast: Corona            ||     2
       Ensorcelled Hiber ||    15
  Use: Scroll            ||     6
 Stab: Sleeping          ||    18
  Eat: Chunk             ||    12
Armor: Robe              ||    23
Dodge: Dodged            ||    90
